 Dungeon Crawl Stone Soup version 0.29.1-12-g30fa7ad0bf (webtiles) character file.

Game seed: 17592331473916058236

57165 KittyFluff the Tortoise (level 14, -5/92 HPs)
             Began as a Gargoyle Berserker on Jan 13, 2023.
             Was a High Priest of Trog.
             Slain by an orc warrior
             ... wielding a +0 long sword
              (14 damage)
             ... on level 13 of the Dungeon.
             The game lasted 02:02:26 (26713 turns).

KittyFluff the Tortoise (Gargoyle Berserker)       Turns: 26713, Time: 02:02:26

Health: -5/92      AC: 48    Str: 22    XL:     14   Next: 85%
Magic:  14/14      EV: 13    Int: 10    God:    Trog [*****.]
Gold:   816        SH:  0    Dex: 17    Spells: 13/13 levels left

rFire   . . .      SeeInvis +   E - +2 dire flail (protect)
rCold   . . .      Faith    .   (shield currently unavailable)
rNeg    + . .      Spirit   .   X - +6 chain mail of Veicsyun {Will+ Slay+5}
rPois   ∞          Reflect  .   h - +2 helmet
rElec   +          Harm     .   o - +2 cloak
rCorr   +          Rampage  .   Y - +2 pair of gloves {Stlth+}
Will    ++...                   (no boots)
Stlth   +.........              (no amulet)
HPRegen 0.25/turn               j - ring of Hussy {rCorr SInv}
MPRegen 0.14/turn               u - +6 ring of dexterity

@: about to teleport, under a protective aura, flying, studying Maces & Flails
A: sickness immunity, AC +10, big wings, negative energy resistance 1,
electricity resistance, torment resistance 1, petrification resistance
a: Renounce Religion, Berserk, Trog's Hand, Brothers in Arms


You were on level 13 of the Dungeon.
You worshipped Trog.
Trog was extremely pleased with you.
You visited 2 branches of the dungeon, and saw 18 of its levels.

You collected 1569 gold pieces.
You spent 753 gold pieces at shops.

Inventory:

Hand Weapons
 b - a +0 sling
 q - the +10 great mace "Vuw Ujut" {holy, rF+ rC+ rCorr Str+4 Dex+3}
   (You acquired it on level 12 of the Dungeon)

   It has been blessed by the Shining One to cause great damage to the undead
   and demons.
   Str:       It affects your strength (+4).
   Dex:       It affects your dexterity (+3).
   rF:        It protects you from fire.
   rC:        It protects you from cold.
   rCorr:     It protects you from acid and corrosion.
 y - a +2 morningstar of venom
 E - a +2 dire flail of protection (weapon)
 Z - a +0 shortbow
Missiles
 f - 78 stones (quivered)
 n - 30 poisoned darts
 B - 12 atropa-tipped darts
 C - 10 boomerangs
 N - 2 throwing nets
 O - 2 curare-tipped darts
Armour
 h - a +2 helmet (worn)
 o - a +2 cloak (worn)
 L - a +0 buckler
 R - a +2 scale mail of fire resistance
 V - a +3 chain mail of cold resistance
 X - the +6 chain mail of Veicsyun (worn) {Will+ Slay+5}
   (You bought it in a shop on level 6 of the Dungeon)

   Slay:      It affects your accuracy & damage with ranged weapons and melee
   (+5).
   Will:      It increases your willpower.
 Y - a +2 pair of gloves of stealth (worn)
Jewellery
 g - a ring of ice
 j - the ring of Hussy (left hand) {rCorr SInv}
   (You bought it in a shop on level 6 of the Dungeon)

   [ring of see invisible]

   SInv:      It lets you see invisible.
   rCorr:     It protects you from acid and corrosion.
 u - a +6 ring of dexterity (right hand)
 F - a ring of protection from fire
 S - a ring of positive energy
Wands
 c - a wand of mindburst (16)
 p - a wand of flame (47)
 M - a wand of polymorph (6)
 Q - a wand of digging (22)
 T - a wand of roots (15)
 W - a wand of acid (9)
Scrolls
 a - a scroll of enchant weapon
 l - 5 scrolls of immolation {unknown}
 m - 2 scrolls of enchant armour {unknown}
 r - 6 scrolls of blinking {unknown}
 s - 2 scrolls of fog
 v - 9 scrolls of teleportation
 D - 5 scrolls of fear
 H - 5 scrolls of magic mapping
 P - 2 scrolls of summoning
 U - a scroll of poison
Potions
 d - 4 potions of invisibility
 e - 7 potions of curing
 i - 2 potions of ambrosia
 k - 6 potions of might
 t - a potion of cancellation
 w - 2 potions of resistance
 x - a potion of lignification {unknown}
 z - 2 potions of mutation {unknown}
 A - 4 potions of berserk rage {unknown}
 G - 3 potions of flight {unknown}
 I - 2 potions of magic {unknown}
 K - 3 potions of haste


   Skills:
 + Level 12.5 Fighting
 * Level 16.0 Maces & Flails
 + Level 16.6 Armour
 + Level 9.5 Dodging
 + Level 4.1 Stealth
 - Level 2.8 Shields


You had 13 spell levels left.
You didn't know any spells.
Your spell library was empty.

Dungeon Overview and Level Annotations

Branches:
Dungeon (13/15)            Temple (0/1) D:5            Lair (5/5) D:10
 Shoals (0/4) Lair:3       Spider (0/4) Lair:3        Slime (0/5) Lair:4
    Orc (0/2) D:10
 Vaults: D:13-14

Altars:
Cheibriados
Fedhas
Hepliaklqana
Qazlal
Ru
Sif Muna
Trog
Uskayaw
Vehumet
Wu Jian
Yredelemnul
The Shining One
Jiyva

Shops:
D:3 (!   D:5 (   D:6 [*=[*   D:9 :   D:12 (


Innate Abilities, Weirdness & Mutations

You are immune to sickness and miasma.
Your stone body is resilient. (AC +10)
You are immune to poison.
Your large and strong wings let you fly.
You resist negative energy. (rN+)
You are resistant to electric shocks. (rElec)
You are resistant to unholy torment.
You are immune to petrification.


Message History

The centaur warrior hits you but does no damage.
The centaur warrior kicks you but does no damage.
You hit the skeletal warrior but do no damage.
The skeletal warrior is severely damaged.
The centaur warrior hits you but does no damage.
The centaur warrior kicks you but does no damage.
The skeletal warrior hits you but does no damage.
You hit the skeletal warrior but do no damage.
The skeletal warrior is severely damaged.
The centaur warrior hits you but does no damage.
The centaur warrior kicks you but does no damage.
You hit the skeletal warrior.
The skeletal warrior is almost destroyed.
The skeletal warrior hits you but does no damage.
The centaur warrior hits you but does no damage.
The centaur warrior kicks you but does no damage.
You sock the skeletal warrior!
You destroy the skeletal warrior!
Trog accepts your kill.
The centaur warrior hits you but does no damage.
The centaur warrior barely misses you.
Your Maces & Flails skill increases to level 16!
You bludgeon the centaur warrior!!
You kill the centaur warrior!
Trog accepts your kill.
The orc warrior hits you with a +0 long sword!
The orc knight hits you with a +0 war axe!
* * * LOW HITPOINT WARNING * * *
The kobold brigand hits you but does no damage.
Items here: ( )) ††.
The orc knight attacks as you move away!
The orc knight closely misses you.
The orc priest calls down the wrath of Beogh upon you.
Beogh smites you!
* * * LOW HITPOINT WARNING * * *
As you read the scroll of teleportation, it crumbles to dust.
You feel strangely unstable.
The orc priest no longer looks unusually strong.
The orc warrior hits you with a +0 long sword!
You die...

.###.....)[.......#####.#
#........#.....# #.#
#........#.....# #.#
#######..####### #.# #..#
.. # #.# #..##. .#####.#
#..#.# #.#.....#
..##.#..#K##).#######
#.....ocoo@# ###.#..#K###
......ZoZ. .............
####.#..#.##### .........
.##.#..#.## #.#..#.#


You could see an orc knight, an orc warrior (strong), 2 kobold brigands, a
centaur, an orc priest and a centaur warrior skeleton.

Vanquished Creatures
  Azrael (D:12)
  Harold (D:8)
  10 hydras
  3 catoblepae
  2 centaur warriors (D:13)
  4 two-headed ogres
  A skeletal warrior (D:13)
  2 ugly things
  10 elephants (Lair:5)
  6 black mambas
  4 gargoyles (D:9)
  Psyche (D:9)
  9 cane toads
  A torpor snail (Lair:5)
  2 centaur skeletons (D:13)
  2 kobold demonologists (D:11)
  14 komodo dragons
  4 rime drakes
  2 trolls (D:9)
  5 polar bears
  5 hornets
  21 blink frogs
  Sigmund (D:3)
  2 dream sheep
  12 spriggans (Lair:5)
  3 shadows
  5 wyverns
  A vampire (D:12)
  44 yaks
  2 wraiths
  8 basilisks
  3 fire elementals (D:12)
  3 steam dragons
  4 vampire mosquitoes (D:12)
  Menkaure (D:4)
  8 water moccasins
  A swamp worm (Lair:3)
  Duvessa (D:6)
  An acid dragon (D:10)
  2 hell hounds (D:12)
  2 orc warriors
  2 ice beasts
  4 black bears
  A sky beast (D:5)
  4 boggarts (Lair:5)
  3 ogres
  12 centaurs
  27 wolves
  3 phantoms
  2 kobold brigands
  14 bullfrogs
  A gnoll sergeant (D:6)
  A necrophage (D:6)
  3 scorpions
  Dowan (D:6)
  4 killer bees (D:9)
  A vampire bat (Lair:1)
  3 howler monkeys
  A centaur zombie (D:4)
  6 orc priests
  2 hounds
  6 jellies
  A gnoll bouda (D:8)
  6 iguanas
  Ijyb (D:4)
  13 orc wizards
  2 hell rats (Lair:4)
  A hound skeleton (D:4)
  Robin (D:3)
  A howler monkey zombie (D:4)
  8 gnolls
  4 adders
  2 river rats (Lair:4)
  A shadow imp (D:7)
  3 ufetubi
  An adder zombie (D:4)
  An adder skeleton (D:4)
  3 worms
  3 dart slugs
  21 orcs
  An endoplasm (D:1)
  5 giant cockroaches
  7 hobgoblins
  8 jackals (D:1)
  A quokka (D:2)
  7 ball pythons
  9 bats
  4 frilled lizards
  15 goblins
  16 kobolds
  11 rats
  A bush (D:4)
473 creatures vanquished.

Vanquished Creatures (others)
  A black bear (D:6)
  27 fungi
  66 plants
  4 withered plants (D:4)
98 creatures vanquished.

Grand Total: 571 creatures vanquished

Notes
Turn   | Place    | Note
-------+----------+-------------------------------------------
     0 | D:1      | KittyFluff the Gargoyle Berserker began the quest for the
                  | Orb.
     0 | D:1      | Reached XP level 1. HP: 14/14 MP: 1/1
   392 | D:1      | Reached XP level 2. HP: 10/19 MP: 2/2
   910 | D:1      | Reached XP level 3. HP: 18/23 MP: 3/3
  1318 | D:2      | Reached ** piety under Trog
  1343 | D:2      | Found a faded altar of an unknown god.
  1550 | D:2      | Found a hazy altar of Hepliaklqana.
  1662 | D:2      | Reached XP level 4. HP: 21/29 MP: 4/4
  2033 | D:3      | Found Voejun Evvo's Antique Weapon Shop.
  2043 | D:3      | Noticed Sigmund
  2116 | D:3      | Killed Sigmund
  2117 | D:3      | Reached XP level 5. HP: 12/33 MP: 5/5
  2117 | D:3      | Reached XP level 6. HP: 14/38 MP: 6/6
  2395 | D:3      | Found a bloodstained altar of Trog.
  2536 | D:3      | Found Tuxkalek's Distillery.
  2797 | D:3      | Noticed Robin
  2808 | D:3      | Killed Robin
  3452 | D:3      | Bought a glowing morningstar for 140 gold pieces
  3591 | D:4      | Noticed Ijyb
  3614 | D:4      | Reached *** piety under Trog
  3615 | D:4      | Reached skill level 5 in Armour
  3629 | D:4      | Killed Ijyb
  3924 | D:4      | Reached XP level 7. HP: 37/44 MP: 7/7
  4018 | D:4      | Noticed Menkaure
  4020 | D:4      | Found a sacrificial altar of Ru.
  4030 | D:4      | Killed Menkaure
  4031 | D:4      | Reached skill level 5 in Fighting
  4200 | D:4      | Found a glowing golden altar of the Shining One.
  4213 | D:4      | Found a hide-covered altar of Uskayaw.
  4583 | D:4      | Reached XP level 8. HP: 40/50 MP: 8/8
  4625 | D:4      | Reached skill level 5 in Maces & Flails
  4734 | D:5      | Entered Level 5 of the Dungeon
  4890 | D:5      | Found an ornate altar of the Wu Jian Council.
  4890 | D:5      | Found a basalt altar of Yredelemnul.
  4892 | D:5      | Found a radiant altar of Vehumet.
  5148 | D:5      | Found Poguriex's Weapon Boutique.
  5188 | D:5      | Found a staircase to the Ecumenical Temple.
  6188 | D:6      | Noticed Duvessa
  6236 | D:6      | Killed Duvessa
  6247 | D:6      | Noticed Dowan
  6333 | D:6      | Killed Dowan
  6558 | D:6      | Found Cifyucy's Antique Armour Shoppe.
  6590 | D:6      | Reached XP level 9. HP: 42/56 MP: 9/9
  6675 | D:6      | Found Xineck Vioci's General Store.
  6720 | D:6      | Found Ceriyruidd's Jewellery Shop.
  6737 | D:6      | Found Festig's Assorted Antiques.
  7121 | D:6      | Found Elissu's Antique Armour Shop.
  7250 | D:6      | Reached **** piety under Trog
  8087 | D:7      | Reached skill level 5 in Dodging
  8255 | D:7      | Found a snail-covered altar of Cheibriados.
  8366 | D:7      | Found a stormy altar of Qazlal.
  8617 | D:8      | Noticed a hornet
  8631 | D:8      | Killed a hornet
  8793 | D:8      | Found a hazy altar of Hepliaklqana.
  9047 | D:8      | Reached XP level 10. HP: 46/63 MP: 10/10
  9156 | D:8      | Noticed a two-headed ogre
  9175 | D:8      | Reached skill level 10 in Armour
  9236 | D:8      | Killed a two-headed ogre
 10013 | D:9      | Noticed Psyche
 10137 | D:9      | Killed Psyche
 10323 | D:6      | Bought the ring of Hussy {rCorr SInv} for 414 gold pieces
 10908 | D:9      | Noticed a gargoyle
 10919 | D:9      | Killed a gargoyle
 11132 | D:9      | Noticed a gargoyle
 11141 | D:9      | Killed a gargoyle
 11142 | D:9      | Reached XP level 11. HP: 69/69 MP: 11/11
 11548 | D:9      | Noticed Harold
 11584 | D:8      | Killed Harold
 11823 | D:9      | Found Juhonli's Self-Improvement Boutique.
 12263 | D:10     | Entered Level 10 of the Dungeon
 12566 | D:10     | Noticed a two-headed ogre
 12579 | D:10     | Killed a two-headed ogre
 13191 | D:10     | Found a shimmering blue altar of Sif Muna.
 13740 | D:10     | Found a blossoming altar of Fedhas.
 13970 | D:10     | Found a staircase to the Lair.
 14001 | D:10     | Found a staircase to the Orcish Mines.
 14250 | D:6      | Bought a pitted chain mail for 199 gold pieces
 14250 | D:6      | Identified the +6 chain mail of Veicsyun {Will+ Slay+5}
                  | (You bought it in a shop on level 6 of the Dungeon)
 14346 | Lair:1   | Entered Level 1 of the Lair of Beasts
 14346 | Lair:1   | Noticed a catoblepas
 14374 | Lair:1   | Killed a catoblepas
 15125 | Lair:1   | Reached XP level 12. HP: 77/77 MP: 12/12
 15187 | Lair:1   | Reached skill level 10 in Fighting
 15892 | Lair:2   | Noticed a four-headed hydra
 15908 | Lair:2   | Killed a four-headed hydra
 15990 | Lair:2   | Noticed a seven-headed hydra
 16007 | Lair:2   | Killed a seven-headed hydra
 16217 | Lair:2   | Reached skill level 10 in Maces & Flails
 16552 | Lair:2   | Noticed an eight-headed hydra
 16568 | Lair:2   | Killed an eight-headed hydra
 17650 | Lair:2   | Reached ***** piety under Trog
 18179 | Lair:3   | Found a staircase to the Shoals.
 18474 | Lair:3   | Found a hole to the Spider Nest.
 18552 | Lair:3   | Identified a scroll of acquirement
 18553 | Lair:3   | Acquired a manual of Maces & Flails
 19096 | Lair:3   | Identified the +4 trident of Ruvoukia {drain, Fragile Str+5
                  | Stlth+}
 19249 | Lair:4   | Noticed a four-headed hydra
 19249 | Lair:4   | Noticed a four-headed hydra
 19405 | Lair:3   | Killed a four-headed hydra
 19430 | Lair:3   | Killed a four-headed hydra
 19431 | Lair:3   | Reached XP level 13. HP: 71/84 MP: 13/13
 19906 | Lair:4   | Found a viscous altar of Jiyva.
 19906 | Lair:4   | Found a staircase to the Slime Pits.
 20223 | Lair:4   | Received a gift from Trog
 20406 | Lair:5   | Entered Level 5 of the Lair of Beasts
 20502 | Lair:5   | Reached skill level 15 in Armour
 22093 | Lair:5   | Gained mutation: Your large and strong wings let you fly.
                  | [Gargoyle growth]
 22093 | Lair:5   | Reached XP level 14. HP: 74/91 MP: 14/14
 23018 | Lair:5   | Reached skill level 1 in Stealth
 23074 | Lair:5   | Received a gift from Trog
 23583 | Lair:5   | Reached skill level 15 in Maces & Flails
 23729 | Lair:5   | Reached skill level 1 in Shields
 24724 | D:11     | Received a gift from Trog
 25248 | D:12     | Noticed Azrael
 25305 | D:12     | Killed Azrael
 25630 | D:12     | Found Ume Xunuiroc's Weapon Boutique.
 26313 | D:12     | Acquired the +10 great mace "Vuw Ujut" {holy, rF+ rC+ rCorr
                  | Str+4 Dex+3}
 26713 | D:13     | Slain by an orc warrior

Illustrated notes

Levels and vault maps discovered:
D:1:      shiori_shiawase, layout_basic, minmay_tromino_v4_a
D:2:      layout_loops_ring, basic_altar, dreamdust_ecumenical_altar_statues
D:3:      layout_basic, old_standard_altar, serial_shops,
          nicolae_shop_waterfront, nicolae_shop_statue_plus, uniq_sigmund,
          uniq_robin
D:4:      layout_rooms, gammafunk_temple_overflow_forgotten, serial_undead,
          serial_undead_e, serial_undead_c, serial_undead_f, serial_undead_f,
          uniq_menkaure, uniq_ijyb
D:5:      layout_cave_pools, nicolae_overflow_hidden_temple,
          minmay_temple_entry_statues_pillars, serial_co_window_serial,
          co_window_of_opportunity_a, co_window_corner_a, co_window_paths_b,
          co_window_corner_a, co_window_paths_b, co_window_unsneaky_path_e,
          co_window_unsneaky_path_b, co_window_broadway_c, co_window_broadway_a,
          co_window_sun, serial_shops, nicolae_take_the_stairs
D:6:      layout_rooms, serial_shops, shop, nicolae_square_shop,
          nicolae_shop_advertising_works [nicolae_subvault_shop_adworks],
          nicolae_shop_overgrown_old_shop, shop, nrook_mini_vaults,
          lemuel_flamethrower_1, uniq_duvessa
D:7:      layout_loops_ring, mainiacjoe_overflow_swirl, patterned_corridor
D:8:      layout_basic, lemuel_tele_altar
D:9:      cheibrodos_statue_roulette, layout_irregular_city, grunt_ministairs_4,
          minivault_21, nicolae_shop_self_help, uniq_psyche, uniq_harold
D:10:     layout_basic, amcnicky_altar_gilded,
          mainiacjoe_overflow_small_starburst, minmay_lair_entry_grove
D:11:     layout_basic
D:12:     layout_loops_corners, serial_shops, kennysheep_mini,
          minmay_misc_feat_roman, dreamdust_wishing_well, uniq_azrael
D:13:     layout_rooms, hangedman_vaults_entry_quadrant_bands
Lair:1:   layout_small_grid, wad_woods_road_01, roderic_batcave, st_stairs_7
Lair:2:   layout_hall_layers
Lair:3:   layout_regular_city, minmay_shoals_entry_centaurs,
          spider_nest_entry_web_field, worms_lemuel, serial_bayou_shore_b
Lair:4:   layout_hall_layers, minmay_slime_entry_pillars,
          gauntlet_entry_generic, kennysheep_abandoned_house,
          infiniplex_staircase_pool_2, serial_bayou_shore_b, grunt_megastairs_1,
          serial_bayou_shore_b
Lair:5:   minmay_lair_end_enchanted_forest, layout_misc_corridors,
          infiniplex_staircase_pool, grunt_megastairs_4

Skill      XL: |  1  2  3  4  5  6  7  8  9 10 11 12 13 14 |
---------------+-------------------------------------------+-----
Armour         | 3 4 5 6 8 9 11 13 14 15 16 | 16.6
Dodging        | 2 3 4 5 6 7 8 9 |  9.5
Fighting       | 4 5 6 7 8 9 10 11 12 | 12.5
Maces & Flails | 4 5 6 8 9 11 14 16 | 16.0
Stealth        | 4 |  4.1
Shields        | 2 |  2.8

Action                   |  1- 3 |  4- 6 |  7- 9 | 10-12 | 13-15 || total
-------------------------+-------+-------+-------+-------+-------++-------
Melee: Mace              |   126 |       |   348 |   817 |       ||  1291
       Flail             |    30 |   144 |   140 |       |       ||   314
       Punch             |       |       |     4 |    17 |     6 ||    27
       Morningstar       |       |       |       |    78 |   704 ||   782
       Dire flail        |       |       |       |    78 |    55 ||   133
 Fire: Sling             |       |     7 |       |       |       ||     7
Throw: Stone             |       |     3 |     8 |    18 |    52 ||    81
Invok: Berserk           |       |     3 |     7 |     9 |     1 ||    20
Evoke: Wand              |       |       |     1 |     1 |       ||     2
  Use: Scroll            |       |     2 |     5 |     8 |     8 ||    23
       Potion            |       |       |       |       |     1 ||     1
 Stab: Sleeping          |       |     1 |       |       |       ||     1
       Distracted        |       |       |       |       |     1 ||     1
       Petrified         |       |       |       |       |     1 ||     1
Armor: Animal skin       |    67 |     1 |       |       |       ||    68
       Leather armour    |       |    89 |   249 |       |       ||   338
       Ring mail         |       |       |    62 |   509 |       ||   571
       Chain mail        |       |       |       |    29 |   432 ||   461
       Scale mail        |       |       |       |       |    11 ||    11
Dodge: Dodged            |   109 |    99 |   339 |   725 |   390 ||  1662
Block: Buckler           |       |       |       |       |    36 ||    36
